Construct Section Command Post
Selects Air and Sea Battlegroup
Construct Platoon Command Post
Selects Commando Section Paradrop
Selects M1 Pack Howitzer Paradrop
Commando Section Paradrop
6-pounder Anti-tank Gun Team
Construct Field Infirmary
Construct Company Command Post
Unlock M3 Grant Medium Tanks
Commando Section Paradrop
Selects Anti-tank Rocket Loiter
Construct Field Infirmary
Selects Centaur Medium Tank